 Dungeon Crawl Stone Soup version 0.31.0-12-g77e489cdc1 (webtiles) character file.

Game seed: 14728969683353297763

1129 Gadfly the Sneak (level 8, -5/39 HPs)
             Began as a Spriggan Enchanter on Feb 18, 2024.
             Was an Initiate of Gozag.
             Slain by a gnoll sergeant
             ... wielding a +0 trident
              (10 damage)
             ... on level 6 of the Dungeon.
             The game lasted 00:10:43 (5017 turns).

Gadfly the Sneak (Spriggan Enchanter)               Turns: 5017, Time: 00:10:44

Health: -5/39      AC:  6    Str:  4    XL:     8   Next: 13%
Magic:  9/16       EV: 21    Int: 19    God:    Gozag
Gold:   1377       SH:  0    Dex: 21    Spells: 12/17 levels left

rFire   . . .        a - +1 dagger
rCold   + . .        (no shield)
rNeg    . . .        i - +4 robe of Light {Will+ Int+3 Dex+3}
rPois   .            (helmet restricted)
rElec   .            (no cloak)
rCorr   .            (gloves unavailable)
SInv    +            (boots unavailable)
Will    ++...        (no amulet)
Stlth   ++++         e - ring of protection from cold
HPRegen 0.26/turn    (no ring)
MPRegen 0.15/turn

%: no passive effects
@: gold aura, very slightly contaminated, very quick
A: very small, no large weapons, unfitting armour, see invisible, speed 3
a: Renounce Religion, Potion Petition, Call Merchant, Bribe Branch


You were on level 6 of the Dungeon.
You worshipped Gozag.
Gozag was most pleased with you.
You visited 2 branches of the dungeon, and saw 7 of its levels.

You collected 1451 gold pieces.
You paid 74 gold pieces to Gozag.

Inventory:

Hand Weapons
 a - a +1 dagger (weapon)
Missiles
 p - a throwing net
Armour
 i - the +4 robe of Light (worn) {Will+ Int+3 Dex+3}
   (You found it on level 2 of the Dungeon)

   Int+3:     It affects your intelligence (+3).
   Dex+3:     It affects your dexterity (+3).
   Will+:     It increases your willpower.
Jewellery
 e - a ring of protection from cold (left hand)
Wands
 g - a wand of charming (13)
 l - a wand of digging (5)
Scrolls
 b - 3 scrolls of vulnerability
 f - a scroll of fog
 o - 2 scrolls of torment
Potions
 c - 2 potions of invisibility
 d - 2 potions of heal wounds
 h - a potion of cancellation
 j - a potion of enlightenment
 k - a potion of might
 m - a potion of degeneration {unknown}
 n - 2 potions of berserk rage


   Skills:
 + Level 2.7 Fighting
 + Level 4.1 Short Blades
 + Level 5.3 Dodging
 + Level 7.2 Stealth
 + Level 5.1 Spellcasting
 + Level 5.6 Hexes
 + Level 4.3 Evocations


You had 12 spell levels left.
You knew the following spells:

 Your Spells              Type           Power      Damage    Failure   Level
a - Ensorcelled Hibernat  Hex/Ice        30%        N/A       6%          2
b - Confusing Touch       Hex            26%        N/A       3%          3

Your spell library contained the following spells:

 Spells                   Type           Power      Damage    Failure   Level
 Tukima's Dance           Hex            26%        N/A       3%          3
 Dazzling Flash           Conj/Hex       30%        N/A       12%         3
 Call Imp                 Summ           8%         N/A       19%         2
 Sublimation of Blood     Necr           4%         N/A       19%         2
 Summon Hydra             Summ           2%         N/A       100%        7


Dungeon Overview and Level Annotations

Branches:
Dungeon (6/15)             Temple (1/1) D:4

Altars:
Ashenzari
Cheibriados
Dithmenos
Elyvilon
Fedhas
Gozag
Hepliaklqana
Kikubaaqudgha
Makhleb
Nemelex Xobeh
Okawaru
Qazlal
Ru
Sif Muna
Trog
Uskayaw
Vehumet
Wu Jian
Xom
Yredelemnul
Zin
The Shining One

Shops:
D:5 (


Innate Abilities, Weirdness & Mutations

You are very small and have problems with some larger weapons.
You are too small for most types of armour.
You have supernaturally acute eyesight. (SInv)
You cover ground extremely quickly. (Speed+++)


Message History

The gnoll completely misses you.
The gnoll sergeant hits you with a +0 trident!
You are too injured to fight recklessly!
Unknown command.
Casting: Ensorcelled Hibernation (safe; 6% risk of failure)
Confirm with . or Enter, or press ? or * to list all spells.
Aiming: Ensorcelled Hibernation (safe; 6% risk of failure)
Press: ? - help, Shift-Dir - straight line, f - gnoll sergeant
Aim: a gnoll sergeant, wielding a +0 trident, wearing a +0 ring mail and wearing a +0 kite shield (chance to affect: 49%)
You miscast Ensorcelled Hibernation.
You are very lightly contaminated with residual magic.
Nothing appears to happen.
The gnoll shouts!
The gnoll sergeant hits you with a +0 trident.
The gnoll barely misses you.
Casting: Ensorcelled Hibernation (safe; 6% risk of failure)
Confirm with . or Enter, or press ? or * to list all spells.
Aiming: Ensorcelled Hibernation (safe; 6% risk of failure)
Press: ? - help, Shift-Dir - straight line, f/p - gnoll sergeant
Aim: a gnoll sergeant, wielding a +0 trident, wearing a +0 ring mail and wearing a +0 kite shield (chance to affect: 49%)
The gnoll sergeant resists with some effort.
The gnoll sergeant hits you with a +0 trident!
* * * LOW HITPOINT WARNING * * *
The gnoll completely misses you.
You hit the gnoll sergeant but do no damage.
Casting: Ensorcelled Hibernation (safe; 6% risk of failure)
Confirm with . or Enter, or press ? or * to list all spells.
Aiming: Ensorcelled Hibernation (safe; 6% risk of failure)
Press: ? - help, Shift-Dir - straight line, f/p - gnoll sergeant
Aim: a gnoll sergeant, wielding a +0 trident, wearing a +0 ring mail and wearing a +0 kite shield (chance to affect: 49%)
The gnoll sergeant resists with some effort.
The gnoll is distracted by your dazzling golden aura.
The gnoll sergeant barely misses you. The gnoll hits you with a +0 halberd.
* * * LOW HITPOINT WARNING * * *
Okay, then.
The gnoll sergeant misses you. The gnoll barely misses you.
There is a stone staircase leading up here.
The gnoll sergeant hits you from afar with a +0 trident!
You die...
Your body crumbles into a pile of gold.

...............#......#+#.....#
...............#........#.#.#.#
..............#...#+####.#....
#....##...$..................
#........g...##..#......#.#.. #
#.......$....##..#........###
#.#...........g##.........#####
#.........#..g.................
###...$.=...#...@...##.#....##...
............#.......##.#....##.#.
.......####.........##...........
....................##...##......
.......................>.......##
...##...............##.#.##.##.##
.. #...............##.#.##......
. #.....#.........##...........
................#......###..#


You could see a gnoll sergeant and 2 gnolls.

Vanquished Creatures
  Sigmund (D:5)
  A sky beast (D:5)
  2 ogres
  A phantom (D:5)
  A bullfrog (D:5)
  4 killer bees (D:5)
  A bombardier beetle (D:5)
  A hound (D:4)
  A sleepcap (D:5)
  3 iguanas
  Ijyb (D:3)
  6 gnolls
  3 adders
  A shadow imp (D:6)
  4 ufetubi
  A ribbon worm (D:2)
  2 dart slugs (D:1)
  An orc (D:5)
  7 ball pythons
  6 endoplasms
  2 giant cockroaches
  4 goblins
  6 hobgoblins
  8 jackals
  8 kobolds
  5 bats
  A frilled lizard (D:2)
  8 rats
90 creatures vanquished.

Notes
Turn   | Place    | Note
-------+----------+-------------------------------------------
     0 | D:1      | Gadfly the Spriggan Enchanter began the quest for the Orb.
     0 | D:1      | Reached XP level 1. HP: 9/9 MP: 5/5
   147 | D:1      | Reached XP level 2. HP: 13/13 MP: 6/6
   156 | D:1      | Learned a level 2 spell: Ensorcelled Hibernation
   447 | D:1      | Found a faded altar of an unknown god.
   507 | D:1      | Reached skill level 1 in Evocations
  1035 | D:2      | Reached XP level 3. HP: 17/17 MP: 2/8
  1495 | D:2      | Identified the +4 robe of Light {Will+ Int+3 Dex+3}
  1634 | D:2      | You fall into a shaft and drop 1 floor!
  1793 | D:2      | Learned a level 3 spell: Confusing Touch
  1840 | D:3      | Noticed Ijyb
  1856 | D:3      | Killed Ijyb
  1857 | D:3      | Reached skill level 5 in Stealth
  1857 | D:3      | Reached XP level 4. HP: 16/21 MP: 3/9
  1975 | D:3      | Reached skill level 1 in Fighting
  2755 | D:4      | Noticed an ogre
  2762 | D:4      | Killed an ogre
  2763 | D:4      | Reached XP level 5. HP: 25/25 MP: 11/11
  2950 | D:4      | Found a staircase to the Ecumenical Temple.
  3066 | Temple   | Entered the Ecumenical Temple
  3077 | Temple   | Became a worshipper of Gozag Ym Sagoz the Greedy
  3358 | D:4      | Identified a scroll of acquirement
  3361 | D:4      | Acquired 935 gold pieces
  3378 | D:5      | Entered Level 5 of the Dungeon
  3380 | D:5      | Noticed a phantom
  3385 | D:5      | Killed a phantom
  3386 | D:5      | Reached XP level 6. HP: 30/30 MP: 12/12
  3428 | D:5      | Reached skill level 6 in Stealth
  3431 | D:5      | Noticed a sky beast
  3539 | D:5      | Killed a sky beast
  3550 | D:5      | Reached skill level 5 in Hexes
  3550 | D:5      | Reached XP level 7. HP: 35/35 MP: 11/14
  3718 | D:5      | Found a sacrificial altar of Ru.
  3718 | D:5      | Found a glowing golden altar of the Shining One.
  3718 | D:5      | Found an ancient bone altar of Kikubaaqudgha.
  3718 | D:5      | Found an ornate altar of the Wu Jian Council.
  3719 | D:5      | Found an iron altar of Okawaru.
  3719 | D:5      | Found a glowing silver altar of Zin.
  3721 | D:5      | Found a hazy altar of Hepliaklqana.
  3721 | D:5      | Found a shimmering altar of Xom.
  3721 | D:5      | Found a blossoming altar of Fedhas.
  3734 | D:5      | Noticed Sigmund
  3739 | D:5      | Killed Sigmund
  3899 | D:5      | Found Afeacuedgh's Weapon Boutique.
  4205 | D:5      | Reached skill level 5 in Dodging
  4207 | D:5      | Reached skill level 7 in Stealth
  4209 | D:5      | Reached XP level 8. HP: 14/39 MP: 7/16
  4211 | D:5      | Reached skill level 5 in Spellcasting
  5017 | D:6      | Slain by a gnoll sergeant

Illustrated notes

Levels and vault maps discovered:
D:1:      ebering_trefoil_3fold, layout_basic,
          hellmonk_ecumenical_altar_heavens_door
D:2:      layout_rooms, minmay_misc_feat_roman, dreamdust_mushroom_princess
D:3:      layout_basic, uniq_ijyb
D:4:      layout_cave_pools, minmay_temple_entry_butterflies
D:5:      layout_basic, nicolae_overflows_in_rows, serial_shops,
          nicolae_square_shop, uniq_sigmund
D:6:      layout_basic
Temple:   compressed_dpeg_triangle_lava_temple

Skill      XL: |  1  2  3  4  5  6  7  8 |
---------------+-------------------------+-----
Dodging        | 3 4 5 |  5.3
Evocations     | 1 2 3 4 |  4.3
Spellcasting   | 3 4 5 |  5.1
Short Blades   | 2 3 4 |  4.1
Stealth        | 5 6 7 |  7.2
Hexes          | 4 5 |  5.6
Fighting       | 1 2 |  2.7

Action                     |  1- 3 |  4- 6 |  7- 9 || total
---------------------------+-------+-------+-------++-------
  Melee: Dagger            |    89 |    56 |    70 ||   215
         Punch             |     1 |     1 |     1 ||     3
   Cast: Ensorcelled Hiber |    20 |    25 |    26 ||    71
         Confusing Touch   |       |       |     1 ||     1
    Use: Scroll            |     5 |     6 |     4 ||    15
   Stab: Sleeping          |    25 |    21 |    14 ||    60
 Armour: Robe              |    30 |     9 |    47 ||    86
  Dodge: Dodged            |    60 |    47 |   149 ||   256
